 Dungeon Crawl Stone Soup version 0.17-a0-2093-gc772f4b (webtiles) character file.

245 ololoev the Chopper (level 5, -4/61 HPs)
             Began as a Demonspawn Fighter on Oct 16, 2015.
             Slain by a water moccasin (6 damage)
             ... on level 4 of the Dungeon.
             The game lasted 00:03:25 (421 turns).

ololoev the Chopper (Demonspawn Fighter)             Turns: 421, Time: 00:03:25

Health: -4/61      AC: 11    Str: 23    XL:     5   Next: 83%
Magic:  7/7        EV:  8    Int:  9    God:
Gold:   78         SH:  0    Dex: 12    Spells: 0 memorised, 4 levels left

rFire  . . .     SeeInvis .     a - +0 war axe
rCold  . . .     Clarity  .     b - +0 scale mail
rNeg   . . .     SustAt   .     (no shield)
rPois  .         Gourm    .     (no helmet)
rElec  .         Spirit   .     (no cloak)
rCorr  .         Warding  .     (no gloves)
rMut   .         Stasis   .     m - +0 pair of boots
MR     +....                    k - amulet of rage
Stlth  ..........               (no ring)
                                n - ring of protection from magic

@: berserking (expiring), lethally poisoned (-4 -> -9), very quick, somewhat
resistant to hostile enchantments, extremely unstealthy
A: icy blue scales 2
a: Evoke Berserk Rage


Innate Abilities, Weirdness & Mutations

You are mostly covered in icy blue scales (AC +3, EV -1).

Inventory:

Hand Weapons
 a - a +0 war axe (weapon)
Armour
 b - a +0 scale mail (worn)
 m - a +0 pair of boots (worn)
Jewellery
 k - an amulet of rage (around neck)
 n - a ring of protection from magic (left hand)
Scrolls
 j - a scroll of identify {unknown}
 p - 3 scrolls of enchant weapon {unknown}
Potions
 c - a potion of heal wounds {unknown}
 d - a potion of might
 h - a potion of ambrosia {unknown}
 l - a potion of curing {unknown}
 o - 2 potions of flight {unknown}
Comestibles
 e - 2 bread rations
 f - a beef jerky
 g - 4 fruits
 i - 4 meat rations
 q - a chunk of flesh


   Skills:
 - Level 3.0 Fighting
 * Level 3.9 Axes
 + Level 3.6 Armour
   Level 2.6 Shields
 - Level 3.1 Evocations


You had 4 spell levels left.
You didn't know any spells.


You were on level 4 of the Dungeon.
You were not hungry.

You visited 1 branch of the dungeon, and saw 5 of its levels.

You collected 78 gold pieces.

######..#........#
.................# .#
........#.####...#..#
#########... ...#..#
##### #..## #..#..# #
....#####..####..#..###.#
.........................
................))......
###.#######.###.@#..###
.................S..#
#######..##.######.##
.........#........#
####..##...........#
.......#.###.#..#
###...........#..#
#..##.#.###.#..# #.......
..# .#

Notes
Turn   | Place    | Note
--------------------------------------------------------------
     0 | D:1      | ololoev the Demonspawn Fighter began the quest for the Orb.
     0 | D:1      | Reached XP level 1. HP: 18/18 MP: 1/1
    72 | D:2      | Found a white marble altar of Elyvilon.
   102 | D:2      | Gained mutation: You are partially covered in icy blue scales (AC +1). [demonic ancestry]
   102 | D:2      | Reached XP level 2. HP: 6/24 MP: 2/2
   185 | D:3      | Noticed Sigmund
   205 | D:3      | Killed Sigmund
   205 | D:3      | Reached XP level 3. HP: 23/29 MP: 2/5
   205 | D:3      | Reached XP level 4. HP: 27/35 MP: 2/6
   205 | D:3      | Gained mutation: You are mostly covered in icy blue scales (AC +3, EV -1). [demonic ancestry]
   205 | D:3      | Reached XP level 5. HP: 31/41 MP: 2/7
   366 | D:5      | Entered Level 5 of the Dungeon
   401 | D:4      | Noticed a water moccasin
   420 | D:4      | HP: 2/61 [water moccasin (8)]
   421 | D:4      | Slain by a water moccasin

Dungeon Overview and Level Annotations

Branches:
Dungeon (5/15)
 Temple: D:4-7

Altars:
Elyvilon


Message History

You closely miss the water moccasin.
The water moccasin is lightly wounded.
You barely miss the orc priest.
The orc priest is heavily wounded.
You feel sick.
The water moccasin bites you but does no damage.
The orc priest barely misses you. The water moccasin closely misses you.
You hit the water moccasin.
The water moccasin is moderately wounded.
You closely miss the orc priest.
The orc priest is heavily wounded.
You feel sick.
The orc priest invokes the aid of Beogh against you.
You resist with almost no effort.
The water moccasin bites you but does no damage.
You miss the water moccasin.
The water moccasin is moderately wounded.
You slash the orc priest!
The orc priest is almost dead.
The water moccasin closely misses you.
The orc priest looks braver for a moment.
Unknown command.
You miss the water moccasin.
The water moccasin is moderately wounded.
You barely miss the orc priest.
The orc priest is almost dead.
You feel sick.
The water moccasin bites you but does no damage.
The orc priest barely misses you.
You closely miss the water moccasin.
The water moccasin is moderately wounded.
You slash the orc priest!
You kill the orc priest!
You feel sick. The water moccasin bites you!
The water moccasin bites you but does no damage.
Unknown command.
You slash the water moccasin!
The water moccasin is almost dead.
The water moccasin bites you.
You die...

You could see a water moccasin.

Vanquished Creatures
  Sigmund (D:3)
  An orc priest (D:4)
  A centaur zombie (D:4)
  2 giant geckos
  2 orcs (D:4)
  3 bats
  A giant cockroach (D:1)
  A goblin (D:1)
  A hobgoblin (D:3)
  3 kobolds
  2 giant newts (D:4)
  3 rats
21 creatures vanquished.

Action                   |  1- 3 |  4- 6 || total
-------------------------+-------+-------++-------
Melee: War axe           |    40 |    37 ||    77
 Abil: Evoke Berserk Rag |     1 |     2 ||     3

Vault maps used:
D:1:      dpeg_arrival_rhombus, minmay_misc_feat_four_crosses
D:2:      nicolae_overflow_crystal_walls, fiery_altar_vehumet, uniq_jessica
D:3:      first_bread, uniq_sigmund
D:4:      old_standard_altar, uniq_eustachio
D:5:      uniq_menkaure, uniq_grinder
